 Dungeon Crawl Stone Soup version 0.30-a0-1161-g0704695555 (webtiles) character file.

Game seed: 3006451426549474086

63 NateTC the Digger (level 4, -1/33 HPs)
             Began as a Meteoran Earth Elementalist on Apr 28, 2023.
             Slain by a goblin
             ... wielding a +0 club
             ... led by Robin
              (6 damage)
             ... on level 2 of the Dungeon.
             The game lasted 00:03:53 (698 turns).

NateTC the Digger (Meteoran Earth Elementalist)      Turns: 698, Time: 00:03:54

Health: -1/33      AC:  2    Str: 10    XL:     4   Next: 55%
Magic:  7/9        EV: 12    Int: 18    God:
Gold:   73         SH:  0    Dex: 14    Spells: 5/9 levels left

rFire   . . .        (no weapon)
rCold   . . .        (no shield)
rNeg    + . .        a - +0 robe
rPois   .            (no helmet)
rElec   .            (no cloak)
rCorr   .            (no gloves)
SInv    .            (no boots)
Will    .....        (no amulet)
Stlth   +            g - ring of positive energy
HPRegen 0.25/turn    (no ring)
MPRegen 0.11/turn

%: no passive effects
@: glowing
A: sense surroundings 1, otherworldly, glowing, explore regen
a: no special abilities


You were on level 2 of the Dungeon.
You visited 1 branch of the dungeon, and saw 2 of its levels.

You collected 73 gold pieces.

Inventory:

Armour
 a - a +0 robe (worn)
Jewellery
 d - a +6 ring of strength
 g - a ring of positive energy (left hand)
Scrolls
 f - 2 scrolls of teleportation
Potions
 b - a potion of magic
 c - a potion of curing


   Skills:
 - Level 2.4 Dodging
 - Level 1.4 Stealth
 + Level 3.3 Spellcasting
 * Level 2.6 Conjurations
 - Level 1.2 Transmutations
 * Level 4.6 Earth Magic


You had 5 spell levels left.
You knew the following spells:

 Your Spells              Type           Power      Damage    Failure   Level
a - Sandblast             Erth           38%        2d10      2%          1
b - Stone Arrow           Conj/Erth      32%        3d9       11%         3

Your spell library contained the following spells:

 Spells                   Type           Power      Damage    Failure   Level
 Passwall                 Tmut/Erth      10%        N/A       7%          2
 Apportation              Tloc           4%         N/A       16%         1
 Necrotise                Necr           8%         1d4       16%         1
 Summon Small Mammal      Summ           8%         N/A       16%         1
 Petrify                  Tmut/Erth      13%        N/A       43%         4


Dungeon Overview and Level Annotations

Branches:
Dungeon (2/15) Zot: 468

Altars:

Annotations:
D:2 Robin


Innate Abilities, Weirdness & Mutations

You passively map a small area around you.
You are easily found by Zot.
You glow in the dark.
You regain HP and MP as you explore.


Message History

You start waiting.
Your magical contamination has completely faded away.
You start waiting.
Magic restored.
You climb downwards.
Level annotation: Robin Robin roars a battlecry!
The goblins go into a battle-frenzy!
The goblin hits you with a +0 club. The hobgoblin closely misses you.
There is a stone staircase leading up, spattered with blood here.
Casting: Sandblast (safe; 2% risk of failure)
Confirm with . or Enter, or press ? or * to list all spells.
Aiming: Sandblast (safe; 2% risk of failure)
Press: ? - help, Shift-Dir - straight line, f - Robin
Aim: Robin, wielding a +0 club, wearing a +0 animal skin and wearing a +0 helmet (87% to hit)
The blast of sand hits the hobgoblin!
You kill the hobgoblin!
The goblin unwields a +0 sling.
The goblin wields a +0 dagger.
The goblin barely misses you. x2; The goblin closely misses you.
Casting: Sandblast (safe; 2% risk of failure)
Confirm with . or Enter, or press ? or * to list all spells.
Aiming: Sandblast (safe; 2% risk of failure)
Press: ? - help, Shift-Dir - straight line, f/p - Robin
Aim: Robin, wielding a +0 club, wearing a +0 animal skin and wearing a +0 helmet (87% to hit)
The blast of sand hits Robin.
Robin is moderately wounded.
Robin hits you with a +0 club. The goblin hits you with a +0 club.
The goblin hits you with a +0 dagger.
* * * LOW HITPOINT WARNING * * *
Robin throws the goblin at you!
* * * LOW HITPOINT WARNING * * *
The goblin hits you but does no damage.
Casting: Sandblast (safe; 2% risk of failure)
Confirm with . or Enter, or press ? or * to list all spells.
Aiming: Sandblast (safe; 2% risk of failure)
Press: ? - help, Shift-Dir - straight line, f/p - Robin
Aim: Robin, wielding a +0 club, wearing a +0 animal skin and wearing a +0 helmet (moderately wounded, 87% to hit)
Okay, then.
The goblin attacks as you move away! The goblin hits you with a +0 club.
You die...

......†...#.#....#####.#
*,
#######...#.#.#.....,..#
* , ##..).#.#...###### *
* , *##†..#.#...... .. *
* ###............#.#, *
*,#.......########.#,
*#. , *,#.#####......#
#.# ... , **+#+
###g.g.###.##.. * * ,, ,
####@g....... ,
#≈#[..)###.#**
,,,##≈#....w)>.# ~*
#.~.#.####).# *
,#.~...#* #..# ,
#.~.###,....#
+##≈##*#w##..# #≈ #
.#.#* * #≈ * #....


You could see Robin, a dart slug and 2 goblins.

Vanquished Creatures
  An adder (D:2)
  2 dart slugs (D:2)
  3 bats
  4 endoplasms
  A giant cockroach (D:1)
  7 goblins
  3 hobgoblins (D:2)
  9 jackals
  2 kobolds
  A quokka (D:1)
  A ball python (D:2)
  5 frilled lizards
  3 rats
42 creatures vanquished.

Vanquished Creatures (collateral kills)
  A hobgoblin (D:2)
1 creature vanquished.

Grand Total: 43 creatures vanquished

Notes
Turn   | Place    | Note
-------+----------+-------------------------------------------
     0 | D:1      | NateTC the Meteoran Earth Elementalist began the quest for
                  | the Orb.
     0 | D:1      | Reached XP level 1. HP: 14/14 MP: 5/5
    43 | D:1      | Reached XP level 2. HP: 19/20 MP: 1/6
    60 | D:1      | Reached skill level 1 in Conjurations
   114 | D:1      | Reached skill level 4 in Earth Magic
   292 | D:1      | Reached XP level 3. HP: 26/26 MP: 6/8
   296 | D:1      | Learned a level 3 spell: Stone Arrow
   474 | D:2      | Reached XP level 4. HP: 33/33 MP: 5/9
   612 | D:2      | Noticed Robin
   698 | D:2      | Slain by a goblin

Illustrated notes

Levels and vault maps discovered:
D:1:      minmay_arrival_shoal_huts, layout_basic
D:2:      layout_basic, serial_rivers, chequers_serial_rivers_small_b,
          chequers_serial_rivers_micro_e, chequers_serial_rivers_micro_a,
          chequers_serial_rivers_micro_a, chequers_serial_rivers_micro_a,
          ebering_ecumenical_altar_mist, basic_altar, uniq_robin

Skill      XL: |  1  2  3 |
---------------+----------+-----
Conjurations   | 1 2 |  2.6
Earth Magic    | 4 |  4.6
Spellcasting   | 3 |  3.3
Dodging        | |  2.4
Stealth        | |  1.4
Transmutations | |  1.2

Action                     |  1- 3 |  4- 6 || total
---------------------------+-------+-------++-------
  Melee: Unarmed           |     4 |     1 ||     5
   Cast: Sandblast         |    39 |    25 ||    64
    Use: Scroll            |     2 |     1 ||     3
 Armour: Robe              |     9 |     9 ||    18
  Dodge: Dodged            |    12 |    27 ||    39

Table legend: (Time is in decaauts)
 A = Elapsed time spent in this place.
 B = Non-inter-level travel time spent in this place.
 C = Inter-level travel time spent in this place.
 D = Time resting spent in this place.
 E = Time spent auto-exploring this place.
 F = Levels seen in this place.
 G = Mean time per level.
                   A        B        C        D        E       F      G
               +--------+--------+--------+--------+--------+-----+--------+
         Total |    732 |    732 |      0 |    113 |    102 |   2 |  366.0 |
       Dungeon |    732 |    732 |      0 |    113 |    102 |   2 |  366.0 |
               +--------+--------+--------+--------+--------+-----+--------+

Top non-repeatable levels by time:
     D:1: 392 daAuts
     D:2: 339 daAuts
